Wild vs Flyers

Created - January 24 2008 at 18:55

Goals
1 2 3 T
Wild 1 0 1 2
Flyers 1 2 1 4
Shots
1 2 3 T
Wild 6 9 13 28
Flyers 12 7 6 25

Period #1

1. Wild , Joe Sakic 17 (Marian Gaborik, Philippe Boucher) at 8:17
2. Flyers , Tomas Holmstrom 18 (Darryl Sydor, Todd White) at 15:33

Penalties :
Chris Simon (MIN) for Interference (Minor) at 3:31, Niclas Havelid (MIN) for Interference (Minor) at 9:25, Brian Rolston (MIN) for Slashing (Minor) at 11:59

Period #2

3. Flyers , Mike Knuble 19 (Jeff Friesen, Andy Hilbert) at 7:49 (PP)
4. Flyers , Todd White 9 (Mike Van Ryn, Tomas Holmstrom) at 9:13 (PP)

Penalties :
Olli Jokinen (MIN) for Roughing (Double Minor) at 6:05, Todd White (PHI) for Hooking (Minor) at 13:16, Tomas Holmstrom (PHI) for Hooking (Minor) at 19:06

Period #3

5. Wild , Marian Gaborik 22 (Philippe Boucher, Joe Sakic) at 3:11 (PP)
6. Flyers , Dustin Penner 12 (Tomas Holmstrom, Mike Van Ryn) at 11:16 (PP)

Penalties :
Pavel Kubina (PHI) for Hooking (Minor) at 1:25, Darryl Sydor (PHI) for Tripping (Minor) at 7:17, Sean Hill (MIN) for Roughing (Minor) at 11:06, Sean Hill (MIN) for Roughing (Minor) at 14:18, Owen Nolan (PHI) for Fighting (Major) at 16:45, Chris Simon (MIN) for Fighting (Major) at 16:45

Goalie Stats

Manny Fernandez (MIN), 18 saves from 22 shots - (0.818), L, 5-9-1, 51:16 minutes
Manny Legace (MIN), 3 saves from 3 shots - (1.000), 8:44 minutes
Chris Osgood (PHI), 26 saves from 28 shots - (0.929), W, 29-16-5, 60:00 minutes

Players Stats

Wild
Player Name              G  A  P  +/- PIM S  H  SB FO MP 
-----------------------------------------------------------
Brian Rolston            0  0  0  -1  2   2  2  0  1  22 
Chris Higgins            0  0  0  -1  0   0  2  0  1  18 
Chris Simon              0  0  0   0  7   1  0  1  1  15 
Duncan Keith             0  0  0   0  0   0  1  2  0  21 
Joe Sakic                1  1  2   1  0   6  0  0  24 22 
Jozef Stumpel            0  0  0   1  0   2  1  2  2  24 
Kurtis Foster            0  0  0   0  0   0  0  0  0  1  
Marian Gaborik           1  1  2   1  0   3  0  0  3  19 
Mathieu Schneider        0  0  0  -1  0   2  0  0  0  19 
Michal Rozsival          0  0  0   1  0   0  2  2  0  23 
Mikael Samuelsson        0  0  0   0  0   5  0  0  1  15 
Niclas Havelid           0  0  0   0  2   0  0  3  0  15 
Olli Jokinen             0  0  0  -1  4   1  2  0  29 21 
Patrick Rissmiller       0  0  0   0  0   0  0  0  0  2  
Philippe Boucher         0  2  2   1  0   2  0  1  0  23 
Rod Brind'Amour          0  0  0   0  0   4  3  0  23 21 
Sean Hill                0  0  0  -1  4   0  11 1  0  21 
Wes Walz                 0  0  0   0  0   0  0  0  0  2  
Flyers
Player Name              G  A  P  +/- PIM S  H  SB FO MP 
-----------------------------------------------------------
Alexander Radulov        0  0  0   0  0   0  0  0  1  5  
Andy Hilbert             0  1  1   0  0   1  0  0  4  9  
Brent Seabrook           0  0  0   0  0   0  0  2  0  25 
Darryl Sydor             0  1  1   1  2   1  0  2  0  23 
Denis Gauthier           0  0  0  -1  0   1  2  2  0  23 
Dustin Penner            1  0  1   0  0   2  1  0  2  19 
Jeff Friesen             0  1  1   0  0   1  4  0  3  22 
Karel Rachunek           0  0  0  -1  0   1  1  0  0  3  
Michal Handzus           0  0  0   0  0   1  0  0  26 22 
Mike Knuble              1  0  1   0  0   4  1  0  1  18 
Mike Van Ryn             0  2  2   1  0   4  0  1  0  23 
Owen Nolan               0  0  0   0  5   1  0  0  0  16 
Pavel Kubina             0  0  0   0  2   1  1  0  0  23 
Peter Forsberg           0  0  0   0  0   0  0  0  0  1  
Sami Kapanen             0  0  0   0  0   1  1  0  0  21 
Samuel Pahlsson          0  0  0   0  0   0  2  0  27 21 
Todd White               1  1  2   0  2   3  1  0  20 19 
Tomas Holmstrom          1  2  3   0  2   3  3  0  1  19 

3 Stars

1 - Tomas Holmstrom (PHI)
2 - Joe Sakic (MIN)
3 - Marian Gaborik (MIN)

Power Play

Wild - 1 on 4 Attempt(s) - 25.00%
Flyers - 3 on 6 Attempt(s) - 50.00%

Penalty Kill

Wild - 3 on 6 Attempt(s) - 50.00% - Score 0 goal in Penalty Kill
Flyers - 3 on 4 Attempt(s) - 75.00% - Score 0 goal in Penalty Kill

Game Notes

Manny Legace enters game at 11:16 of 3rd period
Owen Nolan and Chris Simon fight to a draw at 16:45 of 3rd period

Finance

Level 1 -- Attendance: 5594 (93.23%) -- Ticket Income $503,460.00
Level 2 -- Attendance: 4372 (87.43%) -- Ticket Income $240,460.00
Level 3 -- Attendance: 2000 (100.00%) -- Ticket Income $40,000.00
Level 4 -- Attendance: 3445 (86.13%) -- Ticket Income $68,900.00
Luxury Box -- Attendance: 993 (99.28%) -- Ticket Income $173,775.00
Game was played at the Wachovia Center
Total Attendance: 16404 (84.02%)
Total Ticket Income: $1,102,275.00
Other Income: $125,562.00
Total Income: $1,227,837.00


Play by Play

Period #1

0:01 of 1st period - Mike Knuble wins face-off versus Joe Sakic in neutral zone.
0:08 of 1st period - Shot by Mike Knuble.
0:08 of 1st period - Shot Misses the Net.
0:12 of 1st period - Shot by Mike Knuble.
0:12 of 1st period - Shot Misses the Net.
0:33 of 1st period - Shot by Mike Knuble.
0:33 of 1st period - Stopped by Manny Fernandez without a rebound.
0:34 of 1st period - Olli Jokinen wins face-off versus Todd White in Wild zone.
0:39 of 1st period - Tomas Holmstrom is hit by Chris Higgins and loses puck.
0:47 of 1st period - Off-side.
0:48 of 1st period - Samuel Pahlsson wins face-off versus Chris Simon in neutral zone.
1:44 of 1st period - Michal Rozsival is hit by Samuel Pahlsson and loses puck.
2:03 of 1st period - Shot by Mike Knuble.
2:03 of 1st period - Shot Blocked by Philippe Boucher.
2:49 of 1st period - Icing by Mike Knuble.
2:50 of 1st period - Michal Handzus wins face-off versus Olli Jokinen in Flyers zone.
2:52 of 1st period - Icing by Mike Knuble.
2:53 of 1st period - Michal Handzus wins face-off versus Brian Rolston in Flyers zone.
3:26 of 1st period - Shot by Todd White.
3:26 of 1st period - Stopped by Manny Fernandez without a rebound.
3:27 of 1st period - Rod Brind'Amour wins face-off versus Samuel Pahlsson in Wild zone.
3:31 of 1st period - Minor Penalty to Chris Simon for Interference.
3:32 of 1st period - Todd White wins face-off versus Rod Brind'Amour in neutral zone.
3:57 of 1st period - Shot by Todd White.
3:57 of 1st period - Shot Misses the Net.
3:59 of 1st period - Shot by Dustin Penner.
3:59 of 1st period - Shot Blocked by Sean Hill.
4:56 of 1st period - Off-side.
4:57 of 1st period - Olli Jokinen wins face-off versus Todd White in neutral zone.
5:41 of 1st period - Shot by Joe Sakic.
5:41 of 1st period - Deflect By Mikael Samuelsson.
5:41 of 1st period - Stopped by Chris Osgood without a rebound.
5:42 of 1st period - Rod Brind'Amour wins face-off versus Samuel Pahlsson in Flyers zone.
6:05 of 1st period - Shot by Sami Kapanen.
6:05 of 1st period - Shot Misses the Net.
6:07 of 1st period - Shot by Samuel Pahlsson.
6:07 of 1st period - Shot Misses the Net.
6:09 of 1st period - Shot by Samuel Pahlsson.
6:09 of 1st period - Shot Misses the Net.
6:11 of 1st period - Shot by Sami Kapanen.
6:11 of 1st period - Stopped by Manny Fernandez with a rebound.
6:42 of 1st period - Shot by Mike Van Ryn.
6:42 of 1st period - Stopped by Manny Fernandez without a rebound.
6:43 of 1st period - Joe Sakic wins face-off versus Andy Hilbert in Wild zone.
6:43 of 1st period - Joe Sakic is hit by Jeff Friesen.
7:09 of 1st period - Shot by Mike Knuble.
7:09 of 1st period - Stopped by Manny Fernandez without a rebound.
7:10 of 1st period - Olli Jokinen wins face-off versus Samuel Pahlsson in Wild zone.
7:21 of 1st period - Owen Nolan is hit by Sean Hill and loses puck.
7:25 of 1st period - Owen Nolan is hit by Sean Hill and loses puck.
8:17 of 1st period - Shot by Marian Gaborik.
8:17 of 1st period - Deflect By Joe Sakic.
8:17 of 1st period - Goal by Joe Sakic - Wild : 1 - Flyers : 0.
8:18 of 1st period - Marian Gaborik wins face-off versus Michal Handzus in neutral zone.
8:18 of 1st period - Joe Sakic is hit by Jeff Friesen and loses puck.
8:49 of 1st period - Shot by Pavel Kubina.
8:49 of 1st period - Shot Misses the Net.
9:23 of 1st period - Chris Simon is hit by Tomas Holmstrom and loses puck.
9:25 of 1st period - Minor Penalty to Niclas Havelid for Interference.
9:26 of 1st period - Todd White wins face-off versus Rod Brind'Amour in Wild zone.
9:33 of 1st period - Shot by Dustin Penner.
9:33 of 1st period - Stopped by Manny Fernandez with a rebound.
9:35 of 1st period - Shot by Andy Hilbert.
9:35 of 1st period - Stopped by Manny Fernandez without a rebound.
9:36 of 1st period - Todd White wins face-off versus Olli Jokinen in Wild zone.
10:02 of 1st period - Off-side.
10:03 of 1st period - Michal Handzus wins face-off versus Rod Brind'Amour in neutral zone.
11:07 of 1st period - Shot by Tomas Holmstrom.
11:07 of 1st period - Shot Misses the Net.
11:18 of 1st period - Icing by Tomas Holmstrom.
11:19 of 1st period - Todd White wins face-off versus Joe Sakic in Flyers zone.
11:36 of 1st period - Shot by Mikael Samuelsson.
11:36 of 1st period - Stopped by Chris Osgood without a rebound.
11:37 of 1st period - Olli Jokinen wins face-off versus Samuel Pahlsson in Flyers zone.
11:59 of 1st period - Minor Penalty to Brian Rolston for Slashing.
12:00 of 1st period - Michal Handzus wins face-off versus Olli Jokinen in Flyers zone.
12:07 of 1st period - Shot by Pavel Kubina.
12:07 of 1st period - Shot Blocked by Jozef Stumpel.
12:09 of 1st period - Shot by Michal Handzus.
12:09 of 1st period - Shot Misses the Net.
12:48 of 1st period - Shot by Mike Van Ryn.
12:48 of 1st period - Stopped by Manny Fernandez without a rebound.
12:49 of 1st period - Olli Jokinen wins face-off versus Todd White in Wild zone.
12:59 of 1st period - Icing by Tomas Holmstrom.
13:00 of 1st period - Todd White wins face-off versus Rod Brind'Amour in Flyers zone.
13:07 of 1st period - Shot by Tomas Holmstrom.
13:07 of 1st period - Shot Misses the Net.
13:42 of 1st period - Shot by Darryl Sydor.
13:42 of 1st period - Stopped by Manny Fernandez without a rebound.
13:43 of 1st period - Olli Jokinen wins face-off versus Andy Hilbert in Wild zone.
15:29 of 1st period - Shot by Todd White.
15:29 of 1st period - Stopped by Manny Fernandez with a rebound.
15:33 of 1st period - Shot by Tomas Holmstrom.
15:33 of 1st period - Goal by Tomas Holmstrom - Wild : 1 - Flyers : 1.
15:34 of 1st period - Joe Sakic wins face-off versus Samuel Pahlsson in neutral zone.
15:57 of 1st period - Shot by Marian Gaborik.
15:57 of 1st period - Shot Blocked by Darryl Sydor.
16:16 of 1st period - Shot by Marian Gaborik.
16:16 of 1st period - Shot Blocked by Darryl Sydor.
16:32 of 1st period - Shot by Rod Brind'Amour.
16:32 of 1st period - Stopped by Chris Osgood with a rebound.
17:39 of 1st period - Icing by Joe Sakic.
17:40 of 1st period - Michal Handzus wins face-off versus Olli Jokinen in Wild zone.
18:21 of 1st period - Shot by Marian Gaborik.
18:21 of 1st period - Deflect By Jozef Stumpel.
18:21 of 1st period - Stopped by Chris Osgood with a rebound.
18:23 of 1st period - Shot by Jozef Stumpel.
18:23 of 1st period - Stopped by Chris Osgood without a rebound.
18:24 of 1st period - Dustin Penner wins face-off versus Mikael Samuelsson in Flyers zone.
19:34 of 1st period - Shot by Mike Knuble.
19:34 of 1st period - Stopped by Manny Fernandez without a rebound.
19:35 of 1st period - Andy Hilbert wins face-off versus Rod Brind'Amour in Wild zone.
19:42 of 1st period - Brent Seabrook is hit by Rod Brind'Amour and loses puck.

Period #2

0:01 of 2nd period - Michal Handzus wins face-off versus Marian Gaborik in neutral zone.
1:07 of 2nd period - Shot by Olli Jokinen.
1:07 of 2nd period - Deflect By Brian Rolston.
1:07 of 2nd period - Stopped by Chris Osgood with a rebound.
1:13 of 2nd period - Shot by Olli Jokinen.
1:13 of 2nd period - Shot Hit the Post.
1:15 of 2nd period - Shot by Brian Rolston.
1:15 of 2nd period - Shot Misses the Net.
1:52 of 2nd period - Shot by Mikael Samuelsson.
1:52 of 2nd period - Shot Misses the Net.
1:54 of 2nd period - Shot by Rod Brind'Amour.
1:54 of 2nd period - Shot Misses the Net.
1:56 of 2nd period - Shot by Chris Simon.
1:56 of 2nd period - Stopped by Chris Osgood with a rebound.
2:16 of 2nd period - Shot by Mikael Samuelsson.
2:16 of 2nd period - Shot Misses the Net.
2:20 of 2nd period - Shot by Rod Brind'Amour.
2:20 of 2nd period - Stopped by Chris Osgood without a rebound.
2:21 of 2nd period - Samuel Pahlsson wins face-off versus Joe Sakic in Flyers zone.
3:56 of 2nd period - Icing by Mathieu Schneider.
3:57 of 2nd period - Todd White wins face-off versus Olli Jokinen in Wild zone.
3:57 of 2nd period - Dustin Penner is hit by Sean Hill and loses puck.
4:17 of 2nd period - Off-side.
4:18 of 2nd period - Michal Handzus wins face-off versus Rod Brind'Amour in neutral zone.
4:29 of 2nd period - Shot by Mike Knuble.
4:29 of 2nd period - Shot Misses the Net.
5:04 of 2nd period - Icing by Pavel Kubina.
5:05 of 2nd period - Joe Sakic wins face-off versus Michal Handzus in Flyers zone.
5:12 of 2nd period - Shot by Marian Gaborik.
5:12 of 2nd period - Stopped by Chris Osgood without a rebound.
5:13 of 2nd period - Samuel Pahlsson wins face-off versus Joe Sakic in Flyers zone.
6:05 of 2nd period - Double Minor Penalty to Olli Jokinen for Roughing.
6:06 of 2nd period - Todd White wins face-off versus Rod Brind'Amour in neutral zone.
6:06 of 2nd period - Todd White is hit by Rod Brind'Amour.
6:15 of 2nd period - Icing by Brent Seabrook.
6:16 of 2nd period - Todd White wins face-off versus Rod Brind'Amour in Flyers zone.
6:25 of 2nd period - Shot by Tomas Holmstrom.
6:25 of 2nd period - Stopped by Manny Fernandez without a rebound.
6:26 of 2nd period - Todd White wins face-off versus Rod Brind'Amour in Wild zone.
6:47 of 2nd period - Michal Rozsival is hit by Tomas Holmstrom.
7:33 of 2nd period - Shot by Pavel Kubina.
7:33 of 2nd period - Stopped by Manny Fernandez without a rebound.
7:34 of 2nd period - Rod Brind'Amour wins face-off versus Andy Hilbert in Wild zone.
7:34 of 2nd period - Brian Rolston is hit by Mike Knuble.
7:47 of 2nd period - Shot by Andy Hilbert.
7:47 of 2nd period - Shot Misses the Net.
7:49 of 2nd period - Shot by Jeff Friesen.
7:49 of 2nd period - Deflect By Mike Knuble.
7:49 of 2nd period - Goal by Mike Knuble - Wild : 1 - Flyers : 2.
7:50 of 2nd period - Rod Brind'Amour wins face-off versus Michal Handzus in neutral zone.
8:49 of 2nd period - Shot by Karel Rachunek.
8:49 of 2nd period - Stopped by Manny Fernandez without a rebound.
8:50 of 2nd period - Todd White wins face-off versus Joe Sakic in Wild zone.
9:05 of 2nd period - Shot by Brent Seabrook.
9:05 of 2nd period - Shot Misses the Net.
9:09 of 2nd period - Shot by Tomas Holmstrom.
9:09 of 2nd period - Shot Blocked by Duncan Keith.
9:11 of 2nd period - Shot by Mike Van Ryn.
9:11 of 2nd period - Shot Misses the Net.
9:13 of 2nd period - Shot by Todd White.
9:13 of 2nd period - Goal by Todd White - Wild : 1 - Flyers : 3.
9:14 of 2nd period - Samuel Pahlsson wins face-off versus Olli Jokinen in neutral zone.
9:32 of 2nd period - Icing by Joe Sakic.
9:33 of 2nd period - Michal Handzus wins face-off versus Chris Higgins in Wild zone.
10:09 of 2nd period - Icing by Jozef Stumpel.
10:10 of 2nd period - Samuel Pahlsson wins face-off versus Olli Jokinen in Wild zone.
10:13 of 2nd period - Shot by Owen Nolan.
10:13 of 2nd period - Shot Blocked by Jozef Stumpel.
10:16 of 2nd period - Icing by Jozef Stumpel.
10:17 of 2nd period - Olli Jokinen wins face-off versus Samuel Pahlsson in Wild zone.
10:17 of 2nd period - Olli Jokinen is hit by Samuel Pahlsson.
10:37 of 2nd period - Shot by Mikael Samuelsson.
10:37 of 2nd period - Shot Blocked by Denis Gauthier.
10:39 of 2nd period - Shot by Rod Brind'Amour.
10:39 of 2nd period - Stopped by Chris Osgood without a rebound.
10:40 of 2nd period - Rod Brind'Amour wins face-off versus Todd White in Flyers zone.
11:39 of 2nd period - Shot by Owen Nolan.
11:39 of 2nd period - Stopped by Manny Fernandez without a rebound.
11:40 of 2nd period - Michal Handzus wins face-off versus Olli Jokinen in Wild zone.
11:40 of 2nd period - Alexander Radulov is hit by Sean Hill.
11:55 of 2nd period - Icing by Sean Hill.
11:56 of 2nd period - Olli Jokinen wins face-off versus Samuel Pahlsson in Wild zone.
12:08 of 2nd period - Darryl Sydor is hit by Sean Hill and loses puck.
12:14 of 2nd period - Owen Nolan is hit by Sean Hill and loses puck.
12:44 of 2nd period - Mike Knuble is hit by Sean Hill and loses puck.
13:16 of 2nd period - Minor Penalty to Todd White for Hooking.
13:17 of 2nd period - Joe Sakic wins face-off versus Dustin Penner in neutral zone.
13:53 of 2nd period - Shot by Philippe Boucher.
13:53 of 2nd period - Shot Blocked by Brent Seabrook.
13:55 of 2nd period - Shot by Joe Sakic.
13:55 of 2nd period - Stopped by Chris Osgood without a rebound.
13:56 of 2nd period - Jozef Stumpel wins face-off versus Samuel Pahlsson in Flyers zone.
14:17 of 2nd period - Shot by Marian Gaborik.
14:17 of 2nd period - Deflect By Joe Sakic.
14:17 of 2nd period - Stopped by Chris Osgood without a rebound.
14:18 of 2nd period - Jeff Friesen wins face-off versus Rod Brind'Amour in Flyers zone.
14:18 of 2nd period - Jeff Friesen is hit by Rod Brind'Amour.
15:42 of 2nd period - Shot by Jozef Stumpel.
15:42 of 2nd period - Shot Blocked by Mike Van Ryn.
15:44 of 2nd period - Shot by Marian Gaborik.
15:44 of 2nd period - Deflect By Joe Sakic.
15:44 of 2nd period - Stopped by Chris Osgood without a rebound.
15:45 of 2nd period - Michal Handzus wins face-off versus Olli Jokinen in Flyers zone.
15:45 of 2nd period - Michal Handzus is hit by Chris Higgins.
16:11 of 2nd period - Shot by Brian Rolston.
16:11 of 2nd period - Stopped by Chris Osgood with a rebound.
16:57 of 2nd period - Shot by Owen Nolan.
16:57 of 2nd period - Shot Misses the Net.
16:59 of 2nd period - Shot by Darryl Sydor.
16:59 of 2nd period - Shot Blocked by Niclas Havelid.
17:01 of 2nd period - Shot by Owen Nolan.
17:01 of 2nd period - Shot Misses the Net.
17:03 of 2nd period - Shot by Denis Gauthier.
17:03 of 2nd period - Stopped by Manny Fernandez without a rebound.
17:04 of 2nd period - Todd White wins face-off versus Joe Sakic in Wild zone.
17:32 of 2nd period - Tomas Holmstrom is hit by Michal Rozsival and loses puck.
17:38 of 2nd period - Icing by Michal Rozsival.
17:39 of 2nd period - Samuel Pahlsson wins face-off versus Joe Sakic in Wild zone.
17:43 of 2nd period - Icing by Philippe Boucher.
17:44 of 2nd period - Joe Sakic wins face-off versus Michal Handzus in Wild zone.
17:44 of 2nd period - Joe Sakic is hit by Jeff Friesen.
17:54 of 2nd period - Brent Seabrook is hit by Michal Rozsival and loses puck.
18:27 of 2nd period - Icing by Samuel Pahlsson.
18:28 of 2nd period - Samuel Pahlsson wins face-off versus Olli Jokinen in Flyers zone.
18:42 of 2nd period - Samuel Pahlsson is hit by Sean Hill and loses puck.
18:59 of 2nd period - Shot by Owen Nolan.
18:59 of 2nd period - Shot Misses the Net.
19:06 of 2nd period - Minor Penalty to Tomas Holmstrom for Hooking.
19:07 of 2nd period - Jeff Friesen wins face-off versus Olli Jokinen in neutral zone.
19:13 of 2nd period - Icing by Sean Hill.
19:14 of 2nd period - Olli Jokinen wins face-off versus Michal Handzus in Wild zone.

Period #3

0:01 of 3rd period - Joe Sakic wins face-off versus Samuel Pahlsson in neutral zone.
0:07 of 3rd period - Shot by Marian Gaborik.
0:07 of 3rd period - Deflect By Joe Sakic.
0:07 of 3rd period - Shot Misses the Net.
0:11 of 3rd period - Shot by Joe Sakic.
0:11 of 3rd period - Stopped by Chris Osgood with a rebound.
0:13 of 3rd period - Shot by Philippe Boucher.
0:13 of 3rd period - Stopped by Chris Osgood without a rebound.
0:14 of 3rd period - Michal Handzus wins face-off versus Olli Jokinen in Flyers zone.
0:14 of 3rd period - Michal Handzus is hit by Brian Rolston.
0:17 of 3rd period - Brent Seabrook is hit by Sean Hill and loses puck.
0:22 of 3rd period - Sami Kapanen is hit by Olli Jokinen and loses puck.
0:27 of 3rd period - Shot by Mathieu Schneider.
0:27 of 3rd period - Stopped by Chris Osgood without a rebound.
0:28 of 3rd period - Joe Sakic wins face-off versus Samuel Pahlsson in Flyers zone.
0:43 of 3rd period - Shot by Joe Sakic.
0:43 of 3rd period - Stopped by Chris Osgood without a rebound.
0:44 of 3rd period - Olli Jokinen wins face-off versus Michal Handzus in Flyers zone.
1:24 of 3rd period - Shot by Mikael Samuelsson.
1:24 of 3rd period - Stopped by Chris Osgood without a rebound.
1:25 of 3rd period - Joe Sakic wins face-off versus Samuel Pahlsson in Flyers zone.
1:25 of 3rd period - Minor Penalty to Pavel Kubina for Hooking.
1:26 of 3rd period - Marian Gaborik wins face-off versus Jeff Friesen in Flyers zone.
1:51 of 3rd period - Shot by Marian Gaborik.
1:51 of 3rd period - Shot Misses the Net.
2:30 of 3rd period - Icing by Olli Jokinen.
2:31 of 3rd period - Samuel Pahlsson wins face-off versus Olli Jokinen in Wild zone.
2:31 of 3rd period - Samuel Pahlsson is hit by Sean Hill.
2:33 of 3rd period - Shot by Mike Knuble.
2:33 of 3rd period - Shot Misses the Net.
2:49 of 3rd period - Shot by Olli Jokinen.
2:49 of 3rd period - Stopped by Chris Osgood without a rebound.
2:50 of 3rd period - Olli Jokinen wins face-off versus Michal Handzus in Flyers zone.
2:57 of 3rd period - Shot by Mathieu Schneider.
2:57 of 3rd period - Stopped by Chris Osgood without a rebound.
2:58 of 3rd period - Joe Sakic wins face-off versus Samuel Pahlsson in Flyers zone.
3:11 of 3rd period - Shot by Marian Gaborik.
3:11 of 3rd period - Goal by Marian Gaborik - Wild : 2 - Flyers : 3.
3:12 of 3rd period - Todd White wins face-off versus Rod Brind'Amour in neutral zone.
3:16 of 3rd period - Tomas Holmstrom is hit by Duncan Keith and loses puck.
3:46 of 3rd period - Shot by Mikael Samuelsson.
3:46 of 3rd period - Shot Blocked by Denis Gauthier.
3:53 of 3rd period - Mikael Samuelsson is hit by Denis Gauthier and loses puck.
4:28 of 3rd period - Marian Gaborik is hit by Pavel Kubina and loses puck.
5:59 of 3rd period - Sean Hill is hit by Todd White and loses puck.
6:15 of 3rd period - Todd White is hit by Brian Rolston and loses puck.
6:47 of 3rd period - Shot by Mikael Samuelsson.
6:47 of 3rd period - Deflect By Rod Brind'Amour.
6:47 of 3rd period - Stopped by Chris Osgood without a rebound.
6:48 of 3rd period - Jozef Stumpel wins face-off versus Samuel Pahlsson in Flyers zone.
6:52 of 3rd period - Joe Sakic is hit by Denis Gauthier.
7:17 of 3rd period - Minor Penalty to Darryl Sydor for Tripping.
7:18 of 3rd period - Michal Handzus wins face-off versus Joe Sakic in Flyers zone.
7:33 of 3rd period - Marian Gaborik is hit by Sami Kapanen and loses puck.
8:48 of 3rd period - Shot by Philippe Boucher.
8:48 of 3rd period - Stopped by Chris Osgood without a rebound.
8:49 of 3rd period - Samuel Pahlsson wins face-off versus Joe Sakic in Flyers zone.
8:58 of 3rd period - Samuel Pahlsson is hit by Jozef Stumpel and loses puck.
10:04 of 3rd period - Icing by Niclas Havelid.
10:05 of 3rd period - Michal Handzus wins face-off versus Rod Brind'Amour in Wild zone.
10:12 of 3rd period - Shot by Mike Knuble.
10:12 of 3rd period - Shot Blocked by Chris Simon.
10:14 of 3rd period - Shot by Mike Knuble.
10:14 of 3rd period - Shot Misses the Net.
10:16 of 3rd period - Shot by Mike Knuble.
10:16 of 3rd period - Shot Misses the Net.
10:18 of 3rd period - Shot by Michal Handzus.
10:18 of 3rd period - Deflect By Mike Knuble.
10:18 of 3rd period - Shot Blocked by Niclas Havelid.
10:22 of 3rd period - Shot by Jeff Friesen.
10:22 of 3rd period - Shot Blocked by Niclas Havelid.
10:26 of 3rd period - Shot by Jeff Friesen.
10:26 of 3rd period - Stopped by Manny Fernandez with a rebound.
10:32 of 3rd period - Shot by Jeff Friesen.
10:32 of 3rd period - Deflect By Mike Knuble.
10:32 of 3rd period - Shot Blocked by Duncan Keith.
10:34 of 3rd period - Shot by Michal Handzus.
10:34 of 3rd period - Stopped by Manny Fernandez without a rebound.
10:35 of 3rd period - Samuel Pahlsson wins face-off versus Olli Jokinen in Wild zone.
10:41 of 3rd period - Sami Kapanen is hit by Sean Hill and loses puck.
11:06 of 3rd period - Minor Penalty to Sean Hill for Roughing.
11:07 of 3rd period - Todd White wins face-off versus Olli Jokinen in Wild zone.
11:16 of 3rd period - Shot by Dustin Penner.
11:16 of 3rd period - Goal by Dustin Penner - Wild : 2 - Flyers : 4.
11:16 of 3rd period - Manny Legace enters game.
11:17 of 3rd period - Joe Sakic wins face-off versus Todd White in neutral zone.
11:30 of 3rd period - Icing by Philippe Boucher.
11:31 of 3rd period - Michal Handzus wins face-off versus Joe Sakic in Wild zone.
11:38 of 3rd period - Shot by Marian Gaborik.
11:38 of 3rd period - Stopped by Chris Osgood without a rebound.
11:39 of 3rd period - Olli Jokinen wins face-off versus Samuel Pahlsson in Flyers zone.
12:11 of 3rd period - Off-side.
12:12 of 3rd period - Rod Brind'Amour wins face-off versus Michal Handzus in neutral zone.
12:23 of 3rd period - Shot by Mikael Samuelsson.
12:23 of 3rd period - Stopped by Chris Osgood without a rebound.
12:24 of 3rd period - Michal Handzus wins face-off versus Joe Sakic in Flyers zone.
12:32 of 3rd period - Icing by Brent Seabrook.
12:33 of 3rd period - Rod Brind'Amour wins face-off versus Alexander Radulov in Flyers zone.
12:36 of 3rd period - Shot by Mikael Samuelsson.
12:36 of 3rd period - Shot Misses the Net.
12:47 of 3rd period - Icing by Niclas Havelid.
12:48 of 3rd period - Rod Brind'Amour wins face-off versus Tomas Holmstrom in Wild zone.
12:59 of 3rd period - Shot by Rod Brind'Amour.
12:59 of 3rd period - Shot Hit the Post.
13:01 of 3rd period - Shot by Mikael Samuelsson.
13:01 of 3rd period - Stopped by Chris Osgood without a rebound.
13:02 of 3rd period - Joe Sakic wins face-off versus Samuel Pahlsson in Flyers zone.
13:03 of 3rd period - Shot by Marian Gaborik.
13:03 of 3rd period - Shot Misses the Net.
14:18 of 3rd period - Minor Penalty to Sean Hill for Roughing.
14:19 of 3rd period - Rod Brind'Amour wins face-off versus Todd White in Wild zone.
14:19 of 3rd period - Rod Brind'Amour is hit by Dustin Penner.
15:41 of 3rd period - Shot by Michal Handzus.
15:41 of 3rd period - Shot Misses the Net.
15:43 of 3rd period - Shot by Darryl Sydor.
15:43 of 3rd period - Shot Misses the Net.
15:57 of 3rd period - Shot by Tomas Holmstrom.
15:57 of 3rd period - Shot Blocked by Michal Rozsival.
16:09 of 3rd period - Shot by Tomas Holmstrom.
16:09 of 3rd period - Shot Blocked by Michal Rozsival.
16:11 of 3rd period - Shot by Mike Van Ryn.
16:11 of 3rd period - Stopped by Manny Legace with a rebound.
16:13 of 3rd period - Shot by Mike Van Ryn.
16:13 of 3rd period - Stopped by Manny Legace without a rebound.
16:14 of 3rd period - Rod Brind'Amour wins face-off versus Michal Handzus in Wild zone.
16:14 of 3rd period - Rod Brind'Amour is hit by Jeff Friesen.
16:33 of 3rd period - Rod Brind'Amour is hit by Karel Rachunek and loses puck.
16:45 of 3rd period - Owen Nolan and Chris Simon fight to a draw.
16:45 of 3rd period - Penalty to Owen Nolan for Fighting.
16:45 of 3rd period - Penalty to Chris Simon for Fighting.
16:46 of 3rd period - Michal Handzus wins face-off versus Olli Jokinen in Flyers zone.
16:46 of 3rd period - Michal Handzus is hit by Olli Jokinen.
17:26 of 3rd period - Icing by Mike Van Ryn.
17:27 of 3rd period - Michal Handzus wins face-off versus Rod Brind'Amour in Flyers zone.
17:36 of 3rd period - Shot by Joe Sakic.
17:36 of 3rd period - Shot Blocked by Brent Seabrook.
17:38 of 3rd period - Shot by Niclas Havelid.
17:38 of 3rd period - Shot Misses the Net.
17:40 of 3rd period - Shot by Joe Sakic.
17:40 of 3rd period - Shot Misses the Net.
17:42 of 3rd period - Shot by Joe Sakic.
17:42 of 3rd period - Shot Misses the Net.
18:13 of 3rd period - Off-side.
18:14 of 3rd period - Samuel Pahlsson wins face-off versus Olli Jokinen in neutral zone.
19:00 of 3rd period - Shot by Todd White.
19:00 of 3rd period - Deflect By Tomas Holmstrom.
19:00 of 3rd period - Stopped by Manny Legace without a rebound.
19:01 of 3rd period - Joe Sakic wins face-off versus Todd White in Wild zone.
19:26 of 3rd period - Michal Rozsival is hit by Tomas Holmstrom and loses puck.
19:38 of 3rd period - Icing by Michal Rozsival.
19:39 of 3rd period - Samuel Pahlsson wins face-off versus Joe Sakic in Wild zone.


Output by the SimonT Hockey Simulator (STHS) for Stephane Roy -- Original Page W3C XHTML 1.0 Valid